 Dungeon Crawl Stone Soup version 0.28-a0-1555-g9ae15a6949 (webtiles) character file.

Game seed: 11160360672257278319

2186 Crownlay the Thaumaturge (level 9, -6/45 HPs)
             Began as a Gargoyle Earth Elementalist on Jan 18, 2022.
             Was an Initiate of Vehumet.
             Shot with a sling bullet by Joseph (8 damage)
             ... on level 7 of the Dungeon.
             The game lasted 00:16:48 (8813 turns).

Crownlay the Thaumaturge (GrEE)                     Turns: 8813, Time: 00:16:48

Health: -6/45      AC: 10    Str: 12    XL:     9   Next: 33%
Magic:  7/22       EV: 11    Int: 20    God:    Vehumet [......]
Gold:   280        SH:  0    Dex: 10    Spells: 20/26 levels left

rFire   + . .      SeeInvis .   h - +2 long sword (protect)
rCold   + . .      Faith    .   (no shield)
rNeg    + . .      Spirit   .   b - +0 robe
rPois   ∞          Reflect  .   A - +0 helmet
rElec   +          Harm     .   v - scarf {rC+ rF+}
rCorr   .          Rampage  .   (no gloves)
Will    .....                   l - +0 pair of boots
Stlth   ++........              (no amulet)
HPRegen 0.15/turn               (no ring)
MPRegen 0.18/turn               (no ring)

@: no status effects
A: sickness immunity, AC +6, negative energy resistance 1, electricity
resistance, torment resistance 1, petrification resistance
a: Renounce Religion


You were on level 7 of the Dungeon.
You worshipped Vehumet.
Vehumet was noncommittal.
You visited 2 branches of the dungeon, and saw 8 of its levels.

You collected 280 gold pieces.

Inventory:

Hand Weapons
 h - a +2 long sword of protection (weapon)
Missiles
 r - 16 stones
Armour
 b - a +0 robe (worn)
 l - a +0 pair of boots (worn)
 v - a scarf of resistance (worn)
 A - a +0 helmet (worn)
Magical Staves
 x - a staff of poison
Jewellery
 d - a ring of willpower
Wands
 f - a wand of charming (12)
 s - a wand of iceblast (1)
 t - a wand of paralysis (10)
 u - a wand of flame (12)
 E - a wand of polymorph (9)
Scrolls
 c - a scroll of fear
 g - a scroll of blinking
 j - a scroll of immolation
 k - 4 scrolls of teleportation
 p - 6 scrolls of vulnerability
 w - a scroll of identify
 y - a scroll of magic mapping {unknown}
Potions
 a - a potion of might {unknown}
 e - 4 potions of lignification
 i - 5 potions of curing
 m - a potion of berserk rage {unknown}
 n - 2 potions of mutation {unknown}
 o - a potion of resistance {unknown}
 q - 3 potions of attraction
 z - 2 potions of heal wounds
 B - 5 potions of degeneration {unknown}
 C - a potion of invisibility {unknown}
 D - a potion of haste {unknown}


   Skills:
 - Level 1.5 Dodging
 - Level 2.1 Stealth
 * Level 9.3 Spellcasting
 - Level 0.7 Transmutations
 + Level 9.1 Earth Magic


You had 20 spell levels left.
You knew the following spells:

 Your Spells              Type           Power      Damage    Failure   Level
a - Sandblast             Erth           92%        2d19      1%          1
b - Passwall              Tmut/Erth      24%        N/A       1%          2
c - Stone Arrow           Conj/Erth      54%        3d10      3%          3

Your spell library contained the following spells:

 Spells                   Type           Power      Damage    Failure   Level
 Apportation              Tloc           18%        N/A       8%          1
 Petrify                  Tmut/Erth      29%        N/A       10%         4
 Passage of Golubria      Tloc           9%         N/A       58%         4
 Alistair's Intoxication  Tmut/Pois      6%         N/A       87%         5
 Silence                  Hex/Air        4%         N/A       90%         5
 Lehudib's Crystal Spear  Conj/Erth      13%        10d5      100%        8


Dungeon Overview and Level Annotations

Branches:
Dungeon (7/15)             Temple (1/1) D:6

Altars:
Ashenzari
Cheibriados
Dithmenos
Elyvilon
Fedhas
Gozag
Hepliaklqana
Kikubaaqudgha
Makhleb
Nemelex Xobeh
Okawaru
Qazlal
Ru
Sif Muna
Trog
Vehumet
Wu Jian
Xom
Yredelemnul
Zin

Annotations:
D:7 Joseph


Innate Abilities, Weirdness & Mutations

You are immune to sickness and miasma.
Your stone body is resilient. (AC +6)
You are immune to poison.
You resist negative energy. (rN+)
You are resistant to electric shocks. (rElec)
You are resistant to unholy torment.
You are immune to petrification.


Message History

Vehumet accepts your kill.
Joseph shoots a sling bullet.
The sling bullet hits you.
The blast of sand hits Joseph but does no damage.
Joseph shoots a sling bullet.
The sling bullet hits you!
The blast of sand hits Joseph but does no damage.
Joseph shoots a sling bullet.
The sling bullet barely misses you.
The blast of sand hits Joseph!
Joseph is lightly wounded.
Joseph shoots a sling bullet.
The sling bullet hits you!
Casting: Sandblast (safe; 1% risk of failure)
Confirm with . or Enter, or press ? or * to list all spells.
Aiming: Stone Arrow (dangerous; 3% risk of failure)
Press: ? - help, Shift-Dir - straight line, f/p - Joseph
Aim: Joseph, wielding a +0 hunting sling, wearing a +0 ring mail, quivering sling bullets and carrying a wand of polymorph (4) (lightly wounded, 75% to hit)
The stone arrow hits Joseph!!
Joseph is heavily wounded.
Casting: Stone Arrow (dangerous; 3% risk of failure)
Confirm with . or Enter, or press ? or * to list all spells.
Aiming: Stone Arrow (dangerous; 3% risk of failure)
Press: ? - help, Shift-Dir - straight line, f/p - Joseph
Aim: Joseph, wielding a +0 hunting sling, wearing a +0 ring mail, quivering sling bullets and carrying a wand of polymorph (4) (heavily wounded, 75% to hit)
The stone arrow misses Joseph.
Joseph shoots a sling bullet.
The sling bullet hits you.
Casting: Stone Arrow (dangerous; 3% risk of failure)
Confirm with . or Enter, or press ? or * to list all spells.
Aiming: Stone Arrow (dangerous; 3% risk of failure)
Press: ? - help, Shift-Dir - straight line, f/p - Joseph
Aim: Joseph, wielding a +0 hunting sling, wearing a +0 ring mail, quivering sling bullets and carrying a wand of polymorph (4) (heavily wounded, 75% to hit)
The stone arrow misses Joseph.
Joseph shoots a sling bullet.
The sling bullet hits you!
* * * LOW HITPOINT WARNING * * *
Casting: Stone Arrow (dangerous; 3% risk of failure)
Confirm with . or Enter, or press ? or * to list all spells.
Aiming: Stone Arrow (dangerous; 3% risk of failure)
Press: ? - help, Shift-Dir - straight line, f/p - Joseph
Aim: Joseph, wielding a +0 hunting sling, wearing a +0 ring mail, quivering sling bullets and carrying a wand of polymorph (4) (heavily wounded, 75% to hit)
The stone arrow hits Joseph.
Joseph is heavily wounded.
Joseph shoots a sling bullet.
The sling bullet hits you!
You die...

.. .# .# .
##+#.
##..@##
##.....##
##....@..##
#....$....#
+.........+
#.........#
##.......##
##.....##
##...##
##'## #.#


You could see Joseph.

Vanquished Creatures
  Menkaure (D:5)
  Edmund (D:5)
  2 sky beasts
  An orc warrior (D:6)
  An ice beast (D:7)
  A necrophage (D:5)
  4 centaurs
  2 phantoms
  A kobold brigand (D:6)
  2 scorpions
  A howler monkey (D:7)
  A bullfrog zombie (D:5)
  A jelly (D:6)
  2 bullfrog skeletons
  An orc priest (D:7)
  A centaur skeleton (D:5)
  A hound (D:5)
  2 iguanas
  Ijyb (D:2)
  9 orc wizards
  A killer bee zombie (D:7)
  A hound skeleton (D:4)
  6 gnolls
  9 adders
  3 white imps
  2 worms
  4 dart slugs
  14 orcs
  3 ball pythons
  5 endoplasms
  2 giant cockroaches
  13 goblins
  8 hobgoblins
  4 jackals (D:1)
  10 kobolds
  4 quokkas
  5 bats
  4 frilled lizards
  A goblin zombie (D:6)
  A quokka zombie (D:6)
  6 rats
142 creatures vanquished.

Notes
Turn   | Place    | Note
-------+----------+-------------------------------------------
     0 | D:1      | Crownlay the Gargoyle Earth Elementalist began the quest
                  | for the Orb.
     0 | D:1      | Reached XP level 1. HP: 10/10 MP: 3/3
   510 | D:1      | Reached XP level 2. HP: 15/15 MP: 1/5
   770 | D:1      | Reached XP level 3. HP: 5/19 MP: 5/7
  1217 | D:1      | Found a faded altar of an unknown god.
  2185 | D:2      | Reached XP level 4. HP: 24/24 MP: 6/9
  2480 | D:2      | Noticed Ijyb
  2496 | D:2      | Killed Ijyb
  2677 | D:2      | Learned a level 2 spell: Passwall
  2681 | D:2      | Learned a level 3 spell: Stone Arrow
  2713 | D:3      | Reached XP level 5. HP: 28/28 MP: 7/10
  2989 | D:3      | Reached skill level 5 in Earth Magic
  3473 | D:3      | You fall into a shaft and drop 3 floors!
  3473 | D:6      | Noticed a centaur
  3486 | D:6      | Killed a centaur
  3487 | D:6      | Reached skill level 5 in Spellcasting
  3487 | D:6      | Reached XP level 6. HP: 11/32 MP: 2/13
  3758 | D:6      | Found a staircase to the Ecumenical Temple.
  3787 | Temple   | Entered the Ecumenical Temple
  4042 | D:6      | Noticed an orc warrior
  4068 | D:6      | Found a basalt altar of Yredelemnul.
  4254 | D:6      | Reached XP level 7. HP: 30/36 MP: 9/15
  4699 | D:5      | Entered Level 5 of the Dungeon
  4899 | D:4      | Reached XP level 8. HP: 10/41 MP: 10/18
  5183 | D:4      | Found a sacrificial altar of Ru.
  5256 | D:4      | Found a blossoming altar of Fedhas.
  5959 | D:4      | Found a broken altar of Ashenzari.
  6465 | D:5      | Found a white marble altar of Elyvilon.
  6725 | D:5      | Noticed Edmund
  6741 | D:5      | Killed Edmund
  7292 | D:5      | Noticed Menkaure
  7296 | D:5      | Killed Menkaure
  7297 | D:5      | Reached XP level 9. HP: 37/45 MP: 14/21
  8456 | D:7      | Found a radiant altar of Vehumet.
  8456 | D:7      | Found an opulent altar of Gozag.
  8628 | D:7      | Became a worshipper of Vehumet
  8802 | D:7      | Noticed Joseph
  8812 | D:7      | HP: 2/45 [Joseph/sling bullet (13)]
  8813 | D:7      | Shot with a sling bullet by Joseph

Illustrated notes

Levels and vault maps discovered:
D:1:      minmay_arrival_jagged, layout_rooms,
          shapermc_ecumenical_altar_mp_highgroup, minmay_misc_feat_square
D:2:      kennysheep_the_goblin_king, layout_basic, minmay_hedge_maze
D:3:      layout_basic
D:4:      layout_cave_pools, lemuel_tele_altar,
          mainiacjoe_overflow_tiny_flanked, mainiacjoe_overflow_chevrons,
          minmay_puff
D:5:      layout_basic, lemuel_coloured_pillars_altar, uniq_menkaure,
          uniq_edmund
D:6:      layout_basic, mainiacjoe_overflow_alcove_2,
          minmay_temple_entry_slanted, enter_ossuary_4,
          chequers_serial_rivers_small_3
D:7:      layout_loops_corners, gammafunk_temple_overflow_statue,
          minmay_misc_feat_columns, uniq_crazy_yiuf_cottage, uniq_joseph
Temple:   oiseaux_autumnal_temple

Skill      XL: |  1  2  3  4  5  6  7  8  9 |
---------------+----------------------------+-----
Earth Magic    | 4 5 6 7 8 9 |  9.1
Spellcasting   | 3 5 6 8 9 |  9.3
Dodging        | |  1.5
Stealth        | |  2.1
Transmutations | |  0.7

Action                   |  1- 3 |  4- 6 |  7- 9 || total
-------------------------+-------+-------+-------++-------
Melee: Whip              |    58 |       |       ||    58
       Punch             |     1 |       |       ||     1
       Dagger            |       |    69 |    70 ||   139
       Long sword        |       |       |     1 ||     1
 Cast: Sandblast         |    24 |    45 |    99 ||   168
       Stone Arrow       |       |     1 |    36 ||    37
  Use: Scroll            |     1 |     6 |     3 ||    10
 Stab: Sleeping          |     3 |     1 |       ||     4
Armor: Robe              |    24 |    51 |    46 ||   121
Dodge: Dodged            |    33 |    81 |    58 ||   172

Table legend: (Time is in decaauts)
 A = Elapsed time spent in this place.
 B = Non-inter-level travel time spent in this place.
 C = Inter-level travel time spent in this place.
 D = Time resting spent in this place.
 E = Time spent auto-exploring this place.
 F = Levels seen in this place.
 G = Mean time per level.
                   A        B        C        D        E       F      G
               +--------+--------+--------+--------+--------+-----+--------+
         Total |   8831 |   8573 |    258 |    372 |   6837 |   8 | 1103.9 |
       Dungeon |   8585 |   8327 |    258 |    372 |   6616 |   7 | 1226.4 |
        Temple |    246 |    246 |      0 |      0 |    220 |   1 |  246.0 |
               +--------+--------+--------+--------+--------+-----+--------+

Top non-repeatable levels by time:
     D:6: 1557 daAuts
     D:1: 1441 daAuts
     D:5: 1328 daAuts
     D:2: 1263 daAuts
     D:3: 1188 daAuts
     D:4: 1021 daAuts
     D:7: 785 daAuts
  Temple: 246 daAuts
